LOS ANGELES Kings vs DALLAS Stars

Created - 23 octobre 2018 at 18:18

Goals
1 2 3 T
LOS ANGELES Kings 1 4 1 6
DALLAS Stars 0 1 1 2
Shots
1 2 3 T
LOS ANGELES Kings 10 11 10 31
DALLAS Stars 10 8 11 29

1st period

1. LOS ANGELES Kings , Anze Kopitar 3 (Alex Chiasson 3) at 12:09

Penalties :
Chris Wagner (LAK) for Charging (Minor) at 3:09, Drew Doughty (LAK) for Hooking (Minor) at 13:16, Scottie Upshall (LAK) for Holding (Minor) at 15:32, Eric Gelinas (DAL) for Roughing (Minor) at 19:39

2nd period

2. LOS ANGELES Kings , Danny DeKeyser 2 (Drew Doughty 5, Jonathan Quick) at 1:02 (PP)
3. LOS ANGELES Kings , Oliver Ekman-Larsson 1 (Stephen Johns 3, Jakob Silfverberg 3) at 3:20 (SH)
4. LOS ANGELES Kings , Drew Doughty 2 (Anze Kopitar 4, Jakob Silfverberg 4) at 8:21
5. DALLAS Stars , Mikkel Boedker 1 (Milan Lucic 2, Connor Murphy 2) at 8:35
6. LOS ANGELES Kings , Anze Kopitar 4 (Drew Doughty 6) at 18:02

Penalties :
Drew Doughty (LAK) for Holding (Minor) at 2:32, Scott Hartnell (DAL) for Holding (Minor) at 14:46

3rd period

7. DALLAS Stars , Derek Ryan 3 (Connor Murphy 3) at 12:05
8. LOS ANGELES Kings , Chris Wagner 1 (Michael Cammalleri 1, Kyle Brodziak 4) at 18:54

Penalties :
Stephen Johns (LAK) for Roughing (Minor) at 13:56

Goalie Stats

Jonathan Quick (LAK), 27 saves from 29 shots - (0,931), W, 4-3-1, 60:00 minutes
Scott Darling (DAL), 10 saves from 11 shots - (0,909), 21:58 minutes
Steve Mason (DAL), 15 saves from 20 shots - (0,750), L, 0-6-0, 38:02 minutes

Players Stats for LOS ANGELES Kings

Player Name              G  A  P  +/- PIM S  H  SB GA TA FO     MP     PP MP  PK MP  
------------------------------------------------------------------------------------
Alex Chiasson            0  1  1   1  0   1  0  0  0  0  2/3     4:14   0:00   0:00 
Anze Kopitar             2  1  3   3  0   4  2  0  0  0  16/26  21:29   2:15   0:00 
Chris Wagner             1  0  1   0  2   2  0  0  0  0  1/2    12:03   0:14   0:00 
Danny DeKeyser           1  0  1   0  0   3  0  1  0  0  0/0    23:03   1:20   5:15 
Drew Doughty             1  2  3   3  4   1  2  0  0  0  0/0    23:16   1:20   2:51 
Jakob Silfverberg        0  2  2   3  0   3  1  0  0  0  2/3    21:53   1:07   5:46 
Johnny Oduya             0  0  0   0  0   0  2  0  0  0  0/0    14:16   0:14   2:50 
Jonathan Huberdeau       0  0  0  -1  0   2  0  0  0  0  0/1    17:59   2:15   0:05 
Kyle Brodziak            0  1  1   0  0   4  0  0  0  0  8/14   15:17   0:00   3:27 
Kyle Quincey             0  0  0   0  0   0  1  0  0  0  0/0    11:55   0:00   0:43 
Mark Stone               0  0  0   2  0   2  3  0  0  0  1/2    16:07   1:07   0:00 
Michael Cammalleri       0  1  1   0  0   1  0  0  0  0  0/0    11:50   0:00   0:00 
Mitchell Marner          0  0  0  -1  0   1  1  0  0  0  0/1    17:54   2:15   0:00 
Nick Bonino              0  0  0   0  0   2  0  0  0  0  20/31  22:40   0:53   6:08 
Oliver Ekman-Larsson     1  0  1   3  0   3  0  1  0  0  0/0    25:45   2:02   4:40 
Scottie Upshall          0  0  0   1  2   0  0  0  0  0  0/0     6:47   0:00   2:34 
Stephen Johns            0  1  1   0  2   2  2  0  0  0  0/0    21:42   1:48   3:31 
Tim Schaller             0  0  0   0  0   0  0  0  0  0  0/0     1:50   0:00   1:50 

Players Stats for DALLAS Stars

Player Name              G  A  P  +/- PIM S  H  SB GA TA FO     MP     PP MP  PK MP  
------------------------------------------------------------------------------------
Ben Hutton               0  0  0  -1  0   1  1  1  0  0  0/0    24:41   4:47   1:24 
Chris Kunitz             0  0  0  -2  0   5  0  0  0  0  0/0    22:19   4:46   2:16 
Chris Stewart            0  0  0   0  0   4  1  0  0  0  0/0    12:59   0:00   0:00 
Connor Murphy            0  2  2  -1  0   3  5  1  0  0  0/0    24:41   4:47   1:24 
Dale Weise               0  0  0   0  0   0  0  0  0  0  0/0     0:34   0:34   0:00 
Dalton Prout             0  0  0   0  0   0  2  0  0  0  0/0    13:04   0:41   0:00 
Derek Ryan               1  0  1  -1  0   3  0  0  0  0  10/24  19:31   5:09   0:00 
Eric Fehr                0  0  0  -2  0   3  0  1  0  0  8/24   20:03   4:46   0:00 
Eric Gelinas             0  0  0   0  2   0  1  0  0  0  0/0    13:03   0:41   0:00 
Jamie McGinn             0  0  0  -2  0   1  3  0  0  0  1/3    20:03   4:46   0:00 
Lee Stempniak            0  0  0   0  0   0  0  0  0  0  0/0     5:05   0:00   1:00 
MacKenzie Weegar         0  0  0  -2  0   1  1  4  0  0  0/0    22:15   4:27   1:58 
Mark Barberio            0  0  0  -2  0   1  0  2  0  0  0/0    22:15   4:27   1:58 
Mikkel Boedker           1  0  1  -1  0   1  0  0  0  0  0/1    20:37   5:09   1:06 
Milan Lucic              0  1  1  -1  0   1  2  0  0  0  7/16   25:18   4:35   2:16 
Scott Hartnell           0  0  0   0  2   2  0  0  0  0  0/1    13:04   0:00   0:06 
Tanner Fritz             0  0  0   0  0   3  3  0  0  0  7/14   12:59   0:00   0:00 
Tyler Ennis              0  0  0   0  0   0  0  0  0  0  0/0     4:05   0:00   0:00 

3 Stars

1 - Anze Kopitar (LAK)
2 - Drew Doughty (LAK)
3 - Jakob Silfverberg (LAK)

Power Play

LOS ANGELES Kings - 1 on 2 Attempt(s) - 50,00%
DALLAS Stars - 0 on 5 Attempt(s) - 0,00%

Penalty Kill

LOS ANGELES Kings - 5 on 5 Attempt(s) - 100,00% - Score 1 goal in Penalty Kill
DALLAS Stars - 1 on 2 Attempt(s) - 50,00% - Score 0 goal in Penalty Kill

Team Stat

LOS ANGELES Kings - Hits : 14 - Faceoff Wins : 50 - Blocked Shots : 2 - Penalty Minutes : 10
DALLAS Stars - Hits : 19 - Faceoff Wins : 33 - Blocked Shots : 9 - Penalty Minutes : 4

Official

Referees : Unknown
Linesman : Unknown

Game Notes

Scott Darling enters game at 18:02 of 2nd period

Finance

Level 1 -- Attendance: 4040 (62,15%) -- Ticket Income 484 800 $
Level 2 -- Attendance: 3810 (63,50%) -- Ticket Income 259 080 $
Level 3 -- Attendance: 2107 (52,68%) -- Ticket Income 71 638 $
Level 4 -- Attendance: 2537 (56,38%) -- Ticket Income 76 110 $
Luxury Box -- Attendance: 768 (76,80%) -- Ticket Income 168 960 $
Game was played at the American Airlines Center.
Total Attendance: 13262 (60,28%)
Total Ticket Income: 1 060 588 $
Other Income: 413 629 $
Total Income: 1 474 217 $

LOS ANGELES Kings

5 vs 5 Forward 
   Center                   Left Wing                Right Wing               Time % Phy DF OF 
 1 Anze Kopitar             Jakob Silfverberg        Mark Stone               41     1   2  2  
 2 Nick Bonino              Jonathan Huberdeau       Mitchell Marner          31     1   2  2  
 3 Kyle Brodziak            Michael Cammalleri       Chris Wagner             20     1   2  2  
 4 Anze Kopitar             Scottie Upshall          Alex Chiasson            8      1   2  2  

5 vs 5 Defense 
   Defense                  Defense                                           Time % Phy DF OF 
 1 Drew Doughty             Oliver Ekman-Larsson                              40     1   2  2  
 2 Stephen Johns            Danny DeKeyser                                    30     1   2  2  
 3 Johnny Oduya             Kyle Quincey                                      20     1   2  2  
 4 Drew Doughty             Danny DeKeyser                                    10     1   2  2  

PowerPlay Forward 
   Center                   Left Wing                Right Wing               Time % Phy DF OF 
 1 Anze Kopitar             Jonathan Huberdeau       Mitchell Marner          60     1   2  2  
 2 Nick Bonino              Jakob Silfverberg        Mark Stone               40     1   2  2  

PowerPlay Defense
   Defense                  Defense                                           Time % Phy DF OF 
 1 Stephen Johns            Oliver Ekman-Larsson                              60     1   2  2  
 2 Drew Doughty             Danny DeKeyser                                    40     1   2  2  

Penalty Kill 4 Players Forward 
   Center                   Wing                     Time % Phy DF OF 
 1 Nick Bonino              Jakob Silfverberg        60     1   2  2  
 2 Kyle Brodziak            Scottie Upshall          40     1   2  2  

Penalty Kill 4 Players Defense
   Defense                  Defense                  Time % Phy DF OF 
 1 Drew Doughty             Danny DeKeyser           60     1   2  2  
 2 Stephen Johns            Oliver Ekman-Larsson     40     1   2  2  

Penalty Kill - 3 Players Forward 
   Forward                                           Time % Phy DF OF 
 1 Anze Kopitar                                      60     1   2  2  
 2 Nick Bonino                                       40     1   2  2  

Penalty Kill - 3 Players Defense
   Defense                  Defense                  Time % Phy DF OF 
 1 Drew Doughty             Danny DeKeyser           60     1   2  2  
 2 Stephen Johns            Oliver Ekman-Larsson     40     1   2  2  

4 vs 4 Forward 
   Center                   Wing                     Time % Phy DF OF 
 1 Anze Kopitar             Mitchell Marner          60     1   2  2  
 2 Nick Bonino              Mark Stone               40     1   2  2  

4 vs 4 Defense
   Defense                  Defense                  Time % Phy DF OF 
 1 Drew Doughty             Oliver Ekman-Larsson     60     1   2  2  
 2 Stephen Johns            Danny DeKeyser           40     1   2  2  

Last Minutes Offensive
   Center                   Left Wing                Right Wing               Defense                  Defense                  
   Anze Kopitar             Nick Bonino              Mark Stone               Drew Doughty             Oliver Ekman-Larsson     

Last Minutes Defensive
   Center                   Left Wing                Right Wing               Defense                  Defense                  
   Anze Kopitar             Nick Bonino              Jakob Silfverberg        Drew Doughty             Danny DeKeyser           

Goaltenders
Starting : Jonathan Quick           
Backup : Al Montoya               

Extra Forwards
Normal : Nick Bonino, Anze Kopitar, Mitchell Marner - PP : Jonathan Huberdeau, Mark Stone - PK : Tim Schaller
Extra Defensemen
Normal : Drew Doughty, Oliver Ekman-Larsson, Tim Schaller - PP : Johnny Oduya - PK : Johnny Oduya, Kyle Quincey
Penalty Shots
Anze Kopitar, Mark Stone, Jonathan Huberdeau, Mitchell Marner, Jakob Silfverberg

DALLAS Stars

5 vs 5 Forward 
   Center                   Left Wing                Right Wing               Time % Phy DF OF 
 1 Derek Ryan               Milan Lucic              Mikkel Boedker           40     1   2  2  
 2 Eric Fehr                Chris Kunitz             Jamie McGinn             30     1   2  2  
 3 Tanner Fritz             Scott Hartnell           Chris Stewart            20     1   2  2  
 4 Milan Lucic              Tyler Ennis              Lee Stempniak            10     1   2  2  

5 vs 5 Defense 
   Defense                  Defense                                           Time % Phy DF OF 
 1 Connor Murphy            Ben Hutton                                        40     1   2  2  
 2 Mark Barberio            MacKenzie Weegar                                  30     1   2  2  
 3 Dalton Prout             Eric Gelinas                                      20     1   2  2  
 4 Connor Murphy            Ben Hutton                                        10     1   2  2  

PowerPlay Forward 
   Center                   Left Wing                Right Wing               Time % Phy DF OF 
 1 Derek Ryan               Milan Lucic              Mikkel Boedker           60     1   2  2  
 2 Eric Fehr                Chris Kunitz             Jamie McGinn             40     1   2  2  

PowerPlay Defense
   Defense                  Defense                                           Time % Phy DF OF 
 1 Connor Murphy            Ben Hutton                                        60     1   2  2  
 2 Mark Barberio            MacKenzie Weegar                                  40     1   2  2  

Penalty Kill 4 Players Forward 
   Center                   Wing                     Time % Phy DF OF 
 1 Milan Lucic              Chris Kunitz             60     1   2  2  
 2 Scott Hartnell           Mikkel Boedker           40     1   2  2  

Penalty Kill 4 Players Defense
   Defense                  Defense                  Time % Phy DF OF 
 1 Connor Murphy            Ben Hutton               60     1   2  2  
 2 Mark Barberio            MacKenzie Weegar         40     1   2  2  

Penalty Kill - 3 Players Forward 
   Forward                                           Time % Phy DF OF 
 1 Milan Lucic                                       60     1   2  2  
 2 Chris Kunitz                                      40     1   2  2  

Penalty Kill - 3 Players Defense
   Defense                  Defense                  Time % Phy DF OF 
 1 Connor Murphy            Ben Hutton               60     1   2  2  
 2 Mark Barberio            MacKenzie Weegar         40     1   2  2  

4 vs 4 Forward 
   Center                   Wing                     Time % Phy DF OF 
 1 Milan Lucic              Chris Kunitz             60     1   2  2  
 2 Scott Hartnell           Mikkel Boedker           40     1   2  2  

4 vs 4 Defense
   Defense                  Defense                  Time % Phy DF OF 
 1 Connor Murphy            Ben Hutton               60     1   2  2  
 2 Mark Barberio            MacKenzie Weegar         40     1   2  2  

Last Minutes Offensive
   Center                   Left Wing                Right Wing               Defense                  Defense                  
   Derek Ryan               Milan Lucic              Mikkel Boedker           Connor Murphy            Ben Hutton               

Last Minutes Defensive
   Center                   Left Wing                Right Wing               Defense                  Defense                  
   Derek Ryan               Milan Lucic              Mikkel Boedker           Connor Murphy            Ben Hutton               

Goaltenders
Starting : Steve Mason              
Backup : Scott Darling            

Extra Forwards
Normal : Dale Weise, Chris Stewart, Lee Stempniak - PP : Dale Weise, Chris Stewart - PK : Lee Stempniak
Extra Defensemen
Normal : Dalton Prout, Eric Gelinas, Mark Barberio - PP : Dalton Prout - PK : Eric Gelinas, Mark Barberio
Penalty Shots
Milan Lucic, Chris Kunitz, Scott Hartnell, Mikkel Boedker, Jamie McGinn


% Time on Ice - LOS ANGELES Kings

Lines # - Real PCT - Wanted PCT - Time Play
Normal Forward
1 - 32% - 41% - 15:00
2 - 33% - 31% - 15:39
3 - 25% - 20% - 11:50
4 - 9% - 8% - 4:14
Normal Defense
1 - 41% - 40% - 19:03
2 - 35% - 30% - 16:24
3 - 24% - 20% - 11:12
4 - 0% - 10% - 0:04
PP Forward
1 - 67% - 60% - 2:15
2 - 33% - 40% - 1:07
PP Defense
1 - 60% - 60% - 2:02
2 - 40% - 40% - 1:20
PK Forward
1 - 65% - 60% - 6:28
2 - 35% - 40% - 3:27
PK Defense
1 - 53% - 60% - 5:15
2 - 47% - 40% - 4:40
PK3 Forward
1 - 0% - 60%
2 - 0% - 40%
PK3 Defense
1 - 0% - 60%
2 - 0% - 40%
44 Forward
1 - 0% - 60%
2 - 0% - 40%
44 Defense
1 - 0% - 60%
2 - 0% - 40%
Last Minute Offensive  - 0:00
Last Minute Defensive  - 0:00
Total
Forward - 60:00
Defense - 60:00

% Time on Ice - DALLAS Stars

Lines # - Real PCT - Wanted PCT - Time Play
Normal Forward
1 - 31% - 40% - 14:22
2 - 33% - 30% - 15:17
3 - 28% - 20% - 12:59
4 - 9% - 10% - 4:05
Normal Defense
1 - 39% - 40% - 18:17
2 - 34% - 30% - 15:50
3 - 27% - 20% - 12:23
4 - 0% - 10% - 0:13
PP Forward
1 - 52% - 60% - 5:09
2 - 48% - 40% - 4:46
PP Defense
1 - 55% - 60% - 5:28
2 - 45% - 40% - 4:27
PK Forward
1 - 67% - 60% - 2:16
2 - 33% - 40% - 1:06
PK Defense
1 - 42% - 60% - 1:24
2 - 58% - 40% - 1:58
PK3 Forward
1 - 0% - 60%
2 - 0% - 40%
PK3 Defense
1 - 0% - 60%
2 - 0% - 40%
44 Forward
1 - 0% - 60%
2 - 0% - 40%
44 Defense
1 - 0% - 60%
2 - 0% - 40%
Last Minute Offensive  - 0:00
Last Minute Defensive  - 0:00
Total
Forward - 60:00
Defense - 60:00

Play by Play

1st period


0:01 of 1st period - Anze Kopitar wins face-off versus Derek Ryan in neutral zone.
0:09 of 1st period - Anze Kopitar is hit by Connor Murphy and loses puck.
0:14 of 1st period - Shot by Jakob Silfverberg.
0:14 of 1st period - Stopped by Steve Mason without a rebound.
0:15 of 1st period - Nick Bonino wins face-off versus Eric Fehr in DALLAS Stars zone.
0:18 of 1st period - Shot by Nick Bonino.
0:18 of 1st period - Shot Misses the Net.
0:34 of 1st period - Shot by Jamie McGinn.
0:34 of 1st period - Stopped by Jonathan Quick with a rebound.
0:36 of 1st period - Shot by Eric Fehr.
0:36 of 1st period - Stopped by Jonathan Quick with a rebound.
0:45 of 1st period - Chris Kunitz is hit by Stephen Johns and loses puck.
0:54 of 1st period - Shot by Eric Fehr.
0:54 of 1st period - Shot Misses the Net.
1:08 of 1st period - Shot by Tanner Fritz.
1:08 of 1st period - Stopped by Jonathan Quick with a rebound.
1:10 of 1st period - Shot by Dalton Prout.
1:10 of 1st period - Shot Misses the Net.
1:24 of 1st period - Shot by Scott Hartnell.
1:24 of 1st period - Stopped by Jonathan Quick without a rebound.
1:25 of 1st period - Anze Kopitar wins face-off versus Derek Ryan in LOS ANGELES Kings zone.
1:34 of 1st period - Shot by Anze Kopitar.
1:34 of 1st period - Deflect By Mark Stone.
1:34 of 1st period - Shot Blocked by Ben Hutton.
1:40 of 1st period - Drew Doughty is hit by Milan Lucic and loses puck.
1:58 of 1st period - Derek Ryan is hit by Drew Doughty and loses puck.
2:30 of 1st period - Michael Cammalleri is hit by Dalton Prout and loses puck.
2:38 of 1st period - Dalton Prout is hit by Kyle Quincey and loses puck.
3:09 of 1st period - Minor Penalty to Chris Wagner for Charging.
3:10 of 1st period - Jakob Silfverberg wins face-off versus Eric Fehr in LOS ANGELES Kings zone.
3:21 of 1st period - Drew Doughty is hit by Jamie McGinn and loses puck.
4:05 of 1st period - Shot by Mark Barberio.
4:05 of 1st period - Stopped by Jonathan Quick without a rebound.
4:06 of 1st period - Kyle Brodziak wins face-off versus Derek Ryan in LOS ANGELES Kings zone.
5:17 of 1st period - Tanner Fritz is hit by Anze Kopitar and loses puck.
5:44 of 1st period - Shot by Chris Stewart.
5:44 of 1st period - Stopped by Jonathan Quick without a rebound.
5:45 of 1st period - Milan Lucic wins face-off versus Nick Bonino in LOS ANGELES Kings zone.
6:08 of 1st period - Shot by Danny DeKeyser.
6:08 of 1st period - Shot Hit the Post.
7:26 of 1st period - Icing by Oliver Ekman-Larsson.
7:27 of 1st period - Tanner Fritz wins face-off versus Kyle Brodziak in LOS ANGELES Kings zone.
7:54 of 1st period - Shot by Chris Stewart.
7:54 of 1st period - Shot Misses the Net.
7:56 of 1st period - Shot by Chris Stewart.
7:56 of 1st period - Stopped by Jonathan Quick without a rebound.
7:57 of 1st period - Anze Kopitar wins face-off versus Eric Fehr in LOS ANGELES Kings zone.
8:17 of 1st period - Shot by Alex Chiasson.
8:17 of 1st period - Stopped by Steve Mason with a rebound.
8:26 of 1st period - Anze Kopitar is hit by Ben Hutton and loses puck.
9:14 of 1st period - Mitchell Marner is hit by Connor Murphy and loses puck.
10:04 of 1st period - Mikkel Boedker is hit by Mark Stone and loses puck.
11:12 of 1st period - Johnny Oduya is hit by Chris Stewart and loses puck.
12:03 of 1st period - Shot by Nick Bonino.
12:03 of 1st period - Shot Blocked by MacKenzie Weegar.
12:05 of 1st period - Shot by Stephen Johns.
12:05 of 1st period - Stopped by Steve Mason without a rebound.
12:06 of 1st period - Alex Chiasson wins face-off versus Derek Ryan in DALLAS Stars zone.
12:09 of 1st period - Shot by Anze Kopitar.
12:09 of 1st period - Goal by Anze Kopitar - LOS ANGELES Kings : 1 - DALLAS Stars : 0.
12:10 of 1st period - Nick Bonino wins face-off versus Derek Ryan in neutral zone.
12:15 of 1st period - Shot by Jonathan Huberdeau.
12:15 of 1st period - Stopped by Steve Mason without a rebound.
12:16 of 1st period - Nick Bonino wins face-off versus Milan Lucic in DALLAS Stars zone.
12:23 of 1st period - Shot by Jonathan Huberdeau.
12:23 of 1st period - Shot Misses the Net.
12:50 of 1st period - Shot by Mitchell Marner.
12:50 of 1st period - Stopped by Steve Mason without a rebound.
12:51 of 1st period - Eric Fehr wins face-off versus Anze Kopitar in DALLAS Stars zone.
12:53 of 1st period - Icing by MacKenzie Weegar.
12:54 of 1st period - Anze Kopitar wins face-off versus Eric Fehr in DALLAS Stars zone.
13:16 of 1st period - Minor Penalty to Drew Doughty for Hooking.
13:17 of 1st period - Nick Bonino wins face-off versus Milan Lucic in LOS ANGELES Kings zone.
13:45 of 1st period - Mikkel Boedker is hit by Johnny Oduya and loses puck.
13:48 of 1st period - Shot by Connor Murphy.
13:48 of 1st period - Shot Misses the Net.
14:32 of 1st period - Shot by Chris Kunitz.
14:32 of 1st period - Stopped by Jonathan Quick without a rebound.
14:33 of 1st period - Derek Ryan wins face-off versus Nick Bonino in LOS ANGELES Kings zone.
15:00 of 1st period - Shot by Connor Murphy.
15:00 of 1st period - Stopped by Jonathan Quick without a rebound.
15:01 of 1st period - Kyle Brodziak wins face-off versus Jamie McGinn in LOS ANGELES Kings zone.
15:07 of 1st period - Icing by Jamie McGinn.
15:08 of 1st period - Eric Fehr wins face-off versus Nick Bonino in DALLAS Stars zone.
15:08 of 1st period - Eric Fehr is hit by Jakob Silfverberg.
15:32 of 1st period - Minor Penalty to Scottie Upshall for Holding.
15:33 of 1st period - Nick Bonino wins face-off versus Eric Fehr in LOS ANGELES Kings zone.
16:29 of 1st period - Icing by Connor Murphy.
16:30 of 1st period - Kyle Brodziak wins face-off versus Derek Ryan in DALLAS Stars zone.
17:18 of 1st period - Off-side.
17:19 of 1st period - Nick Bonino wins face-off versus Jamie McGinn in neutral zone.
17:33 of 1st period - Off-side.
17:34 of 1st period - Tanner Fritz wins face-off versus Alex Chiasson in neutral zone.
18:08 of 1st period - Shot by Tanner Fritz.
18:08 of 1st period - Stopped by Jonathan Quick without a rebound.
18:09 of 1st period - Derek Ryan wins face-off versus Mitchell Marner in LOS ANGELES Kings zone.
18:14 of 1st period - Shot by Mikkel Boedker.
18:14 of 1st period - Shot Misses the Net.
18:31 of 1st period - Jonathan Huberdeau is hit by Connor Murphy and loses puck.
18:43 of 1st period - Shot by Nick Bonino.
18:43 of 1st period - Shot Misses the Net.
19:15 of 1st period - Shot by Mark Stone.
19:15 of 1st period - Stopped by Steve Mason without a rebound.
19:16 of 1st period - Kyle Brodziak wins face-off versus Eric Fehr in DALLAS Stars zone.
19:31 of 1st period - Shot by Kyle Brodziak.
19:31 of 1st period - Stopped by Steve Mason without a rebound.
19:32 of 1st period - Anze Kopitar wins face-off versus Tanner Fritz in DALLAS Stars zone.
19:32 of 1st period - Jakob Silfverberg is hit by Eric Gelinas and loses puck.
19:38 of 1st period - Icing by Eric Gelinas.
19:39 of 1st period - Anze Kopitar wins face-off versus Tanner Fritz in DALLAS Stars zone.
19:39 of 1st period - Minor Penalty to Eric Gelinas for Roughing.
19:40 of 1st period - Anze Kopitar wins face-off versus Milan Lucic in DALLAS Stars zone.
19:45 of 1st period - Shot by Jonathan Huberdeau.
19:45 of 1st period - Shot Misses the Net.
19:47 of 1st period - Shot by Stephen Johns.
19:47 of 1st period - Stopped by Steve Mason without a rebound.
19:48 of 1st period - Anze Kopitar wins face-off versus Milan Lucic in DALLAS Stars zone.
19:49 of 1st period - Shot by Jonathan Huberdeau.
19:49 of 1st period - Shot Misses the Net.
19:51 of 1st period - Shot by Anze Kopitar.
19:51 of 1st period - Stopped by Steve Mason without a rebound.
19:52 of 1st period - Anze Kopitar wins face-off versus Milan Lucic in DALLAS Stars zone.
Goals for this period are 1 for LOS ANGELES Kings vs 0 for DALLAS Stars.
Shots for this period are 10 for LOS ANGELES Kings vs 10 for DALLAS Stars.

2nd period


0:01 of 2nd period - Milan Lucic wins face-off versus Anze Kopitar in neutral zone.
1:02 of 2nd period - Shot by Danny DeKeyser.
1:02 of 2nd period - Goal by Danny DeKeyser - LOS ANGELES Kings : 2 - DALLAS Stars : 0.
1:03 of 2nd period - Tanner Fritz wins face-off versus Kyle Brodziak in neutral zone.
2:04 of 2nd period - Icing by Mikkel Boedker.
2:05 of 2nd period - Derek Ryan wins face-off versus Anze Kopitar in DALLAS Stars zone.
2:09 of 2nd period - Ben Hutton is hit by Drew Doughty and loses puck.
2:15 of 2nd period - Icing by Drew Doughty.
2:16 of 2nd period - Jamie McGinn wins face-off versus Anze Kopitar in LOS ANGELES Kings zone.
2:25 of 2nd period - Shot by Eric Fehr.
2:25 of 2nd period - Stopped by Jonathan Quick with a rebound.
2:32 of 2nd period - Minor Penalty to Drew Doughty for Holding.
2:33 of 2nd period - Derek Ryan wins face-off versus Nick Bonino in LOS ANGELES Kings zone.
3:01 of 2nd period - Icing by Derek Ryan.
3:02 of 2nd period - Derek Ryan wins face-off versus Jakob Silfverberg in DALLAS Stars zone.
3:20 of 2nd period - Shot by Oliver Ekman-Larsson.
3:20 of 2nd period - Goal by Oliver Ekman-Larsson - LOS ANGELES Kings : 3 - DALLAS Stars : 0.
3:21 of 2nd period - Kyle Brodziak wins face-off versus Eric Fehr in neutral zone.
3:27 of 2nd period - Icing by Mark Barberio.
3:28 of 2nd period - Nick Bonino wins face-off versus Eric Fehr in DALLAS Stars zone.
4:11 of 2nd period - Danny DeKeyser is hit by Jamie McGinn and loses puck.
4:37 of 2nd period - Icing by Drew Doughty.
4:38 of 2nd period - Chris Wagner wins face-off versus Milan Lucic in LOS ANGELES Kings zone.
4:51 of 2nd period - Shot by Mikkel Boedker.
4:51 of 2nd period - Shot Misses the Net.
6:21 of 2nd period - Icing by Eric Gelinas.
6:22 of 2nd period - Nick Bonino wins face-off versus Tanner Fritz in DALLAS Stars zone.
6:26 of 2nd period - Mitchell Marner is hit by Dalton Prout and loses puck.
7:09 of 2nd period - Shot by Chris Kunitz.
7:09 of 2nd period - Stopped by Jonathan Quick without a rebound.
7:10 of 2nd period - Anze Kopitar wins face-off versus Derek Ryan in LOS ANGELES Kings zone.
7:50 of 2nd period - Shot by Derek Ryan.
7:50 of 2nd period - Stopped by Jonathan Quick without a rebound.
7:51 of 2nd period - Eric Fehr wins face-off versus Nick Bonino in LOS ANGELES Kings zone.
8:07 of 2nd period - Icing by Oliver Ekman-Larsson.
8:08 of 2nd period - Tanner Fritz wins face-off versus Nick Bonino in LOS ANGELES Kings zone.
8:09 of 2nd period - Shot by Scott Hartnell.
8:09 of 2nd period - Deflect By Chris Stewart.
8:09 of 2nd period - Stopped by Jonathan Quick without a rebound.
8:10 of 2nd period - Eric Fehr wins face-off versus Mark Stone in LOS ANGELES Kings zone.
8:19 of 2nd period - Shot by Anze Kopitar.
8:19 of 2nd period - Shot Misses the Net.
8:21 of 2nd period - Shot by Drew Doughty.
8:21 of 2nd period - Goal by Drew Doughty - LOS ANGELES Kings : 4 - DALLAS Stars : 0.
8:22 of 2nd period - Derek Ryan wins face-off versus Nick Bonino in neutral zone.
8:35 of 2nd period - Shot by Mikkel Boedker.
8:35 of 2nd period - Goal by Mikkel Boedker - LOS ANGELES Kings : 4 - DALLAS Stars : 1.
8:36 of 2nd period - Anze Kopitar wins face-off versus Eric Fehr in neutral zone.
8:50 of 2nd period - Shot by Chris Kunitz.
8:50 of 2nd period - Stopped by Jonathan Quick without a rebound.
8:51 of 2nd period - Nick Bonino wins face-off versus Derek Ryan in LOS ANGELES Kings zone.
9:08 of 2nd period - Shot by Jonathan Huberdeau.
9:08 of 2nd period - Stopped by Steve Mason without a rebound.
9:09 of 2nd period - Anze Kopitar wins face-off versus Eric Fehr in DALLAS Stars zone.
9:32 of 2nd period - Shot by Chris Kunitz.
9:32 of 2nd period - Deflect By Jamie McGinn.
9:32 of 2nd period - Shot Misses the Net.
9:39 of 2nd period - Drew Doughty is hit by Jamie McGinn.
10:21 of 2nd period - Shot by Mitchell Marner.
10:21 of 2nd period - Shot Blocked by Connor Murphy.
11:05 of 2nd period - Shot by Kyle Brodziak.
11:05 of 2nd period - Stopped by Steve Mason without a rebound.
11:06 of 2nd period - Eric Fehr wins face-off versus Kyle Brodziak in DALLAS Stars zone.
12:35 of 2nd period - Shot by Drew Doughty.
12:35 of 2nd period - Shot Misses the Net.
12:55 of 2nd period - Milan Lucic is hit by Anze Kopitar and loses puck.
13:01 of 2nd period - Icing by Connor Murphy.
13:02 of 2nd period - Nick Bonino wins face-off versus Derek Ryan in DALLAS Stars zone.
13:02 of 2nd period - Nick Bonino is hit by Connor Murphy.
13:22 of 2nd period - Shot by Derek Ryan.
13:22 of 2nd period - Stopped by Jonathan Quick without a rebound.
13:23 of 2nd period - Kyle Brodziak wins face-off versus Eric Fehr in LOS ANGELES Kings zone.
13:38 of 2nd period - Shot by Kyle Quincey.
13:38 of 2nd period - Deflect By Kyle Brodziak.
13:38 of 2nd period - Stopped by Steve Mason without a rebound.
13:39 of 2nd period - Nick Bonino wins face-off versus Derek Ryan in DALLAS Stars zone.
13:48 of 2nd period - Shot by Jonathan Huberdeau.
13:48 of 2nd period - Shot Misses the Net.
14:42 of 2nd period - Shot by Chris Kunitz.
14:42 of 2nd period - Stopped by Jonathan Quick without a rebound.
14:43 of 2nd period - Anze Kopitar wins face-off versus Tanner Fritz in LOS ANGELES Kings zone.
14:43 of 2nd period - Anze Kopitar is hit by Tanner Fritz.
14:46 of 2nd period - Minor Penalty to Scott Hartnell for Holding.
14:47 of 2nd period - Milan Lucic wins face-off versus Nick Bonino in DALLAS Stars zone.
15:12 of 2nd period - Shot by Jakob Silfverberg.
15:12 of 2nd period - Shot Blocked by MacKenzie Weegar.
15:47 of 2nd period - Shot by Drew Doughty.
15:47 of 2nd period - Shot Misses the Net.
15:49 of 2nd period - Shot by Drew Doughty.
15:49 of 2nd period - Shot Misses the Net.
15:51 of 2nd period - Shot by Danny DeKeyser.
15:51 of 2nd period - Stopped by Steve Mason without a rebound.
15:52 of 2nd period - Mark Stone wins face-off versus Milan Lucic in DALLAS Stars zone.
16:05 of 2nd period - Shot by Chris Wagner.
16:05 of 2nd period - Stopped by Steve Mason without a rebound.
16:06 of 2nd period - Milan Lucic wins face-off versus Anze Kopitar in DALLAS Stars zone.
16:06 of 2nd period - Milan Lucic is hit by Mitchell Marner.
16:24 of 2nd period - Shot by Mitchell Marner.
16:24 of 2nd period - Shot Blocked by MacKenzie Weegar.
16:26 of 2nd period - Shot by Mitchell Marner.
16:26 of 2nd period - Shot Hit the Post.
16:59 of 2nd period - Kyle Brodziak is hit by Tanner Fritz and loses puck.
17:20 of 2nd period - Shot by Kyle Brodziak.
17:20 of 2nd period - Shot Misses the Net.
17:22 of 2nd period - Shot by Kyle Brodziak.
17:22 of 2nd period - Stopped by Steve Mason without a rebound.
17:23 of 2nd period - Eric Fehr wins face-off versus Anze Kopitar in DALLAS Stars zone.
17:36 of 2nd period - Shot by Mark Stone.
17:36 of 2nd period - Shot Misses the Net.
18:02 of 2nd period - Shot by Anze Kopitar.
18:02 of 2nd period - Goal by Anze Kopitar - LOS ANGELES Kings : 5 - DALLAS Stars : 1.
18:02 of 2nd period - Scott Darling enters game.
18:03 of 2nd period - Nick Bonino wins face-off versus Derek Ryan in neutral zone.
18:10 of 2nd period - Shot by Jonathan Huberdeau.
18:10 of 2nd period - Shot Blocked by Mark Barberio.
18:12 of 2nd period - Shot by Nick Bonino.
18:12 of 2nd period - Stopped by Scott Darling without a rebound.
18:13 of 2nd period - Derek Ryan wins face-off versus Chris Wagner in DALLAS Stars zone.
18:38 of 2nd period - Shot by Derek Ryan.
18:38 of 2nd period - Shot Misses the Net.
19:55 of 2nd period - Shot by Nick Bonino.
19:55 of 2nd period - Shot Misses the Net.
Goals for this period are 4 for LOS ANGELES Kings vs 1 for DALLAS Stars.
Shots for this period are 11 for LOS ANGELES Kings vs 8 for DALLAS Stars.

3rd period


0:01 of 3rd period - Derek Ryan wins face-off versus Anze Kopitar in neutral zone.
0:12 of 3rd period - Milan Lucic is hit by Mark Stone and loses puck.
0:23 of 3rd period - Shot by Anze Kopitar.
0:23 of 3rd period - Deflect By Jakob Silfverberg.
0:23 of 3rd period - Stopped by Scott Darling with a rebound.
0:25 of 3rd period - Shot by Oliver Ekman-Larsson.
0:25 of 3rd period - Shot Misses the Net.
0:27 of 3rd period - Shot by Oliver Ekman-Larsson.
0:27 of 3rd period - Stopped by Scott Darling without a rebound.
0:28 of 3rd period - Eric Fehr wins face-off versus Nick Bonino in DALLAS Stars zone.
0:36 of 3rd period - Shot by Chris Kunitz.
0:36 of 3rd period - Shot Misses the Net.
1:25 of 3rd period - Icing by Ben Hutton.
1:26 of 3rd period - Milan Lucic wins face-off versus Anze Kopitar in DALLAS Stars zone.
1:26 of 3rd period - Connor Murphy is hit by Mark Stone and loses puck.
2:48 of 3rd period - Chris Stewart is hit by Johnny Oduya and loses puck.
3:17 of 3rd period - Icing by Chris Kunitz.
3:18 of 3rd period - Nick Bonino wins face-off versus Eric Fehr in DALLAS Stars zone.
3:21 of 3rd period - Shot by Mitchell Marner.
3:21 of 3rd period - Shot Misses the Net.
3:32 of 3rd period - Shot by Nick Bonino.
3:32 of 3rd period - Deflect By Mitchell Marner.
3:32 of 3rd period - Shot Misses the Net.
3:36 of 3rd period - Shot by Nick Bonino.
3:36 of 3rd period - Stopped by Scott Darling without a rebound.
3:37 of 3rd period - Milan Lucic wins face-off versus Anze Kopitar in DALLAS Stars zone.
4:04 of 3rd period - Shot by Anze Kopitar.
4:04 of 3rd period - Deflect By Mark Stone.
4:04 of 3rd period - Stopped by Scott Darling without a rebound.
4:05 of 3rd period - Nick Bonino wins face-off versus Eric Fehr in DALLAS Stars zone.
4:25 of 3rd period - Shot by Danny DeKeyser.
4:25 of 3rd period - Stopped by Scott Darling without a rebound.
4:26 of 3rd period - Tanner Fritz wins face-off versus Anze Kopitar in DALLAS Stars zone.
4:56 of 3rd period - Shot by Scott Hartnell.
4:56 of 3rd period - Shot Misses the Net.
4:58 of 3rd period - Shot by Tanner Fritz.
4:58 of 3rd period - Shot Misses the Net.
5:00 of 3rd period - Shot by Tanner Fritz.
5:00 of 3rd period - Stopped by Jonathan Quick without a rebound.
5:01 of 3rd period - Nick Bonino wins face-off versus Derek Ryan in LOS ANGELES Kings zone.
5:07 of 3rd period - Jonathan Huberdeau is hit by Milan Lucic and loses puck.
5:11 of 3rd period - Stephen Johns is hit by Connor Murphy and loses puck.
6:37 of 3rd period - Shot by MacKenzie Weegar.
6:37 of 3rd period - Stopped by Jonathan Quick with a rebound.
6:39 of 3rd period - Shot by Eric Fehr.
6:39 of 3rd period - Stopped by Jonathan Quick without a rebound.
6:40 of 3rd period - Kyle Brodziak wins face-off versus Tanner Fritz in LOS ANGELES Kings zone.
6:51 of 3rd period - Shot by Michael Cammalleri.
6:51 of 3rd period - Stopped by Scott Darling without a rebound.
6:52 of 3rd period - Nick Bonino wins face-off versus Scott Hartnell in DALLAS Stars zone.
8:30 of 3rd period - Icing by Nick Bonino.
8:31 of 3rd period - Milan Lucic wins face-off versus Nick Bonino in LOS ANGELES Kings zone.
8:32 of 3rd period - Shot by Tyler Ennis.
8:32 of 3rd period - Shot Hit the Post.
8:34 of 3rd period - Shot by Connor Murphy.
8:34 of 3rd period - Stopped by Jonathan Quick without a rebound.
8:35 of 3rd period - Anze Kopitar wins face-off versus Derek Ryan in LOS ANGELES Kings zone.
9:14 of 3rd period - Shot by Anze Kopitar.
9:14 of 3rd period - Stopped by Scott Darling without a rebound.
9:15 of 3rd period - Eric Fehr wins face-off versus Kyle Brodziak in DALLAS Stars zone.
9:26 of 3rd period - Shot by Jamie McGinn.
9:26 of 3rd period - Shot Misses the Net.
9:30 of 3rd period - Shot by Chris Kunitz.
9:30 of 3rd period - Stopped by Jonathan Quick with a rebound.
9:57 of 3rd period - Icing by Eric Fehr.
9:58 of 3rd period - Anze Kopitar wins face-off versus Eric Fehr in DALLAS Stars zone.
9:59 of 3rd period - Shot by Jakob Silfverberg.
9:59 of 3rd period - Shot Misses the Net.
11:14 of 3rd period - Shot by Stephen Johns.
11:14 of 3rd period - Shot Blocked by Mark Barberio.
11:16 of 3rd period - Shot by Nick Bonino.
11:16 of 3rd period - Shot Blocked by Eric Fehr.
11:18 of 3rd period - Shot by Stephen Johns.
11:18 of 3rd period - Shot Blocked by MacKenzie Weegar.
11:20 of 3rd period - Shot by Nick Bonino.
11:20 of 3rd period - Deflect By Jonathan Huberdeau.
11:20 of 3rd period - Shot Misses the Net.
12:05 of 3rd period - Shot by Derek Ryan.
12:05 of 3rd period - Goal by Derek Ryan - LOS ANGELES Kings : 5 - DALLAS Stars : 2.
12:06 of 3rd period - Kyle Brodziak wins face-off versus Tanner Fritz in neutral zone.
12:27 of 3rd period - Shot by Scott Hartnell.
12:27 of 3rd period - Stopped by Jonathan Quick without a rebound.
12:28 of 3rd period - Anze Kopitar wins face-off versus Milan Lucic in LOS ANGELES Kings zone.
12:39 of 3rd period - Shot by Milan Lucic.
12:39 of 3rd period - Shot Blocked by Oliver Ekman-Larsson.
12:47 of 3rd period - Shot by Scottie Upshall.
12:47 of 3rd period - Shot Misses the Net.
13:22 of 3rd period - Icing by Ben Hutton.
13:23 of 3rd period - Nick Bonino wins face-off versus Milan Lucic in DALLAS Stars zone.
13:43 of 3rd period - Stephen Johns is hit by Tanner Fritz and loses puck.
13:53 of 3rd period - Chris Stewart is hit by Stephen Johns.
13:56 of 3rd period - Minor Penalty to Stephen Johns for Roughing.
13:57 of 3rd period - Nick Bonino wins face-off versus Mikkel Boedker in LOS ANGELES Kings zone.
14:12 of 3rd period - Shot by Mark Barberio.
14:12 of 3rd period - Shot Hit the Post.
14:52 of 3rd period - Shot by Ben Hutton.
14:52 of 3rd period - Shot Blocked by Danny DeKeyser.
14:54 of 3rd period - Shot by Ben Hutton.
14:54 of 3rd period - Stopped by Jonathan Quick without a rebound.
14:55 of 3rd period - Derek Ryan wins face-off versus Nick Bonino in LOS ANGELES Kings zone.
15:49 of 3rd period - Shot by Connor Murphy.
15:49 of 3rd period - Stopped by Jonathan Quick with a rebound.
16:05 of 3rd period - Shot by Chris Stewart.
16:05 of 3rd period - Stopped by Jonathan Quick without a rebound.
16:06 of 3rd period - Alex Chiasson wins face-off versus Tanner Fritz in LOS ANGELES Kings zone.
17:18 of 3rd period - Off-side.
17:19 of 3rd period - Nick Bonino wins face-off versus Eric Fehr in neutral zone.
17:31 of 3rd period - Icing by Danny DeKeyser.
17:32 of 3rd period - Tanner Fritz wins face-off versus Jonathan Huberdeau in LOS ANGELES Kings zone.
18:03 of 3rd period - Shot by Mitchell Marner.
18:03 of 3rd period - Shot Misses the Net.
18:32 of 3rd period - Shot by Mark Stone.
18:32 of 3rd period - Shot Misses the Net.
18:34 of 3rd period - Shot by Oliver Ekman-Larsson.
18:34 of 3rd period - Stopped by Scott Darling without a rebound.
18:35 of 3rd period - Derek Ryan wins face-off versus Kyle Brodziak in DALLAS Stars zone.
18:52 of 3rd period - Shot by Michael Cammalleri.
18:52 of 3rd period - Shot Misses the Net.
18:54 of 3rd period - Shot by Chris Wagner.
18:54 of 3rd period - Goal by Chris Wagner - LOS ANGELES Kings : 6 - DALLAS Stars : 2.
18:55 of 3rd period - Jakob Silfverberg wins face-off versus Eric Fehr in neutral zone.
19:32 of 3rd period - Shot by Anze Kopitar.
19:32 of 3rd period - Deflect By Jakob Silfverberg.
19:32 of 3rd period - Stopped by Scott Darling without a rebound.
19:33 of 3rd period - Nick Bonino wins face-off versus Derek Ryan in DALLAS Stars zone.
19:33 of 3rd period - Nick Bonino is hit by MacKenzie Weegar.
19:41 of 3rd period - Shot by Jonathan Huberdeau.
19:41 of 3rd period - Shot Hit the Post.
19:57 of 3rd period - Shot by Milan Lucic.
19:57 of 3rd period - Stopped by Jonathan Quick without a rebound.
19:58 of 3rd period - Tanner Fritz wins face-off versus Kyle Brodziak in LOS ANGELES Kings zone.
Goals for this period are 1 for LOS ANGELES Kings vs 1 for DALLAS Stars.
Shots for this period are 10 for LOS ANGELES Kings vs 11 for DALLAS Stars.